 Dungeon Crawl Stone Soup version 0.28.0-55-gcd9437bce4 (webtiles) character file.

Game seed: 9678936038704235622

25968 cbfl8 the Severer (level 12, -6/113 HPs)
             Began as a Minotaur Berserker on Jan 11, 2023.
             Was a High Priest of Trog.
             Killed from afar by a manticore (11 damage)
             ... with a volley of spikes
             ... while petrified by a catoblepas
             ... on level 13 of the Dungeon.
             The game lasted 00:17:08 (12901 turns).

cbfl8 the Severer (Minotaur Berserker)             Turns: 12901, Time: 00:17:09

Health: -6/113     AC: 14    Str: 25    XL:     12   Next: 94%
Magic:  11/11      EV:  2    Int:  4    God:    Trog [*****.]
Gold:   868        SH:  0    Dex: 15    Spells: 11/11 levels left

rFire   . . .      SeeInvis .   z - +2 war axe (vamp)
rCold   . . .      Faith    .   (no shield)
rNeg    + + +      Spirit   .   o - +0 chain mail
rPois   ∞          Reflect  +   (helmet restricted)
rElec   .          Harm     .   D - scarf {shadows}
rCorr   +          Rampage  .   p - +0 pair of gloves
Will    +....                   v - +0 pair of boots
Stlth   ..........              t - amulet of reflection
HPRegen 0.28/turn               H - +4 ring of evasion
MPRegen 0.12/turn               O - ring of Zag Lam {rPois Will+ rCorr Str+3}

@: petrified, spiked, on berserk cooldown, slowed
A: horns 2, retaliatory headbutt
a: Renounce Religion, Berserk, Trog's Hand, Brothers in Arms


You were on level 13 of the Dungeon.
You worshipped Trog.
Trog was extremely pleased with you.
You visited 1 branch of the dungeon, and saw 13 of its levels.

You collected 868 gold pieces.

Inventory:

Hand Weapons
 z - a +2 vampiric war axe (weapon)
Missiles
 I - 5 throwing nets
Armour
 o - a +0 chain mail (worn)
 p - a +0 pair of gloves (worn)
 v - a +0 pair of boots (worn)
 D - a scarf of shadows (worn)
Jewellery
 q - the amulet "Atevoamn" {Spirit rC+ Dex+3 Stlth+}
   (You found it on level 3 of the Dungeon)

   [amulet of guardian spirit]

   It causes incoming damage to be divided between your reserves of health and
   magic.
   Dex:       It affects your dexterity (+3).
   rC:        It protects you from cold.
   Stlth:     It makes you more stealthy.
 t - an amulet of reflection (around neck)
 H - a +4 ring of evasion (left hand)
 O - the ring of Zag Lam (right hand) {rPois Will+ rCorr Str+3}
   (You found it on level 8 of the Dungeon)

   [ring of willpower]

   Str:       It affects your strength (+3).
   rPois:     It protects you from poison.
   rCorr:     It protects you from acid and corrosion.
   Will:      It increases your willpower.
Wands
 C - a wand of flame (32)
 E - a wand of iceblast (27) (quivered)
 J - a wand of charming (12)
 L - a wand of acid (8)
 M - a wand of mindburst (2)
Scrolls
 a - a scroll of summoning
 f - a scroll of fear
 j - 8 scrolls of teleportation
 k - a scroll of brand weapon
 s - 2 scrolls of immolation
 u - a scroll of enchant weapon {unknown}
 x - 3 scrolls of magic mapping
 A - a scroll of fog
 G - 3 scrolls of enchant armour
 K - a scroll of holy word
 N - 3 scrolls of blinking
 P - a scroll of identify
Potions
 b - 3 potions of flight {unknown}
 c - a potion of haste {unknown}
 d - 7 potions of brilliance {unknown}
 e - 2 potions of mutation {unknown}
 g - 3 potions of might
 h - 13 potions of degeneration
 i - 4 potions of lignification
 l - 4 potions of curing {unknown}
 m - 5 potions of heal wounds {unknown}
 n - 2 potions of cancellation {unknown}
 r - a potion of invisibility {unknown}
 w - a potion of ambrosia {unknown}
 B - 3 potions of resistance {unknown}
 F - a potion of attraction {unknown}
Miscellaneous
 y - a piece from Xom's chessboard (15/15)


   Skills:
 * Level 12.7 Fighting
 * Level 16.8 Axes
 + Level 9.9 Armour
 * Level 8.7 Dodging
 + Level 2.1 Stealth
 + Level 2.2 Shields
 * Level 6.7 Evocations


You had 11 spell levels left.
You didn't know any spells.
Your spell library was empty.

Dungeon Overview and Level Annotations

Branches:
Dungeon (13/15)            Temple (0/1) D:5            Lair (0/6) D:11
    Orc (0/2) D:11
 Vaults: D:13-14

Altars:
Cheibriados
Dithmenos
Qazlal
Vehumet


Innate Abilities, Weirdness & Mutations

You have a pair of horns on your head.
You reflexively headbutt those who attack you in melee.


Message History

Trog accepts your kill. The skeletal warrior barely misses you.
As you read the scroll of teleportation, it crumbles to dust.
You feel strangely unstable.
The skeletal warrior completely misses you.
Your surroundings suddenly seem different.
A catoblepas comes into view.
The catoblepas bellows!
The catoblepas breathes a plume of calcifying dust at you.
The blast of calcifying dust hits you.
* * * LOW HITPOINT WARNING * * *
The catoblepas moves out of view.
As you read the scroll of teleportation, it crumbles to dust.
You feel strangely unstable.
You are engulfed in calcifying dust.
You are slowing down.
Your surroundings suddenly seem different. 2 manticores come into view.
Found 12 gold pieces.
Found two stone staircases leading down.
The manticore flicks its tail.
The volley of spikes misses you.
The manticore flicks its tail.
The volley of spikes reflects off an invisible shield around you!
The volley of spikes hits the manticore!!
The manticore flicks its tail.
The volley of spikes hits you but does no damage.
The manticore flicks its tail.
The volley of spikes misses you.
You have turned to stone.
The manticore bites you.
* * * LOW HITPOINT WARNING * * *
The manticore claws you but does no damage. x2
The manticore bites you!
* * * LOW HITPOINT WARNING * * *
The manticore claws you.
* * * LOW HITPOINT WARNING * * *
The manticore claws you but does no damage.
The manticore flicks its tail.
The volley of spikes hits you!!
The barbed spikes become lodged in your body.
You die...

... ........
....#......
.$..#.....
...>..^..
........
......H#
......@#
.......#
.......#
...H...#
........ .#.
...###...
#.#......#
#...
..HH#......##
...
?:e8##........
....


You could see 2 manticores.

Vanquished Creatures
  2 boulder beetles (D:12)
  Harold (D:7)
  2 hydras (D:8)
  2 centaur warriors
  7 two-headed ogres
  Erica (D:9)
  3 skeletal warriors (D:13)
  An ugly thing (D:11)
  4 cyclopes
  A manticore (D:12)
  Joseph (D:9)
  Maggie (D:9)
  A komodo dragon (D:12)
  A kobold demonologist (D:8)
  An efreet (D:8)
  5 trolls
  Grinder (D:6)
  6 slime creatures
  Prince Ribbit (D:7)
  A shadow (D:11)
  8 yaks (D:10)
  3 wyverns
  A wraith (D:12)
  4 hogs (D:10)
  A human (D:10)
  A basilisk (D:11)
  A vampire mosquito (D:12)
  3 steam dragons (D:8)
  5 water moccasins
  2 acid dragons
  A swamp drake (D:11)
  A black bear (D:6)
  2 ice beasts
  10 orc warriors
  2 ogres
  7 centaurs
  A phantom (D:4)
  6 bullfrogs
  A gnoll sergeant (D:7)
  A scorpion (D:4)
  A wyvern skeleton (D:6)
  A wyvern zombie (D:8)
  A water moccasin skeleton (D:6)
  3 killer bees (D:5)
  12 wights
  3 howler monkeys (D:7)
  5 centaur zombies
  A bullfrog zombie (D:6)
  4 hounds
  3 centaur skeletons
  10 orc priests
  A jelly (D:8)
  13 orc wizards
  2 iguanas (D:6)
  A killer bee zombie (D:7)
  A howler monkey zombie (D:9)
  7 gnolls
  4 adders
  A shadow imp (D:8)
  2 white imps
  An ufetubus (D:7)
  2 dart slugs (D:1)
  36 orcs
  7 endoplasms
  8 giant cockroaches
  4 hobgoblins
  5 jackals
  6 kobolds
  A quokka (D:5)
  6 ball pythons
  2 bats
  4 frilled lizards
  5 goblins
  6 rats
273 creatures vanquished.

Notes
Turn   | Place    | Note
-------+----------+-------------------------------------------
     0 | D:1      | cbfl8 the Minotaur Berserker began the quest for the Orb.
     0 | D:1      | Reached XP level 1. HP: 19/19 MP: 0/0
    52 | D:1      | Reached XP level 2. HP: 20/27 MP: 1/1
   243 | D:1      | Reached skill level 4 in Axes
   711 | D:1      | Reached XP level 3. HP: 31/33 MP: 2/2
   724 | D:1      | Reached ** piety under Trog
  1007 | D:1      | Found a faded altar of an unknown god.
  1319 | D:2      | Reached XP level 4. HP: 41/41 MP: 3/3
  1604 | D:3      | Identified the amulet "Atevoamn" {Spirit rC+ Dex+3 Stlth+}
  1743 | D:3      | Reached skill level 1 in Evocations
  2444 | D:4      | Noticed an ogre
  2450 | D:4      | Killed an ogre
  2451 | D:4      | Reached skill level 5 in Fighting
  2451 | D:4      | Reached skill level 5 in Axes
  2451 | D:4      | Reached XP level 5. HP: 48/48 MP: 4/4
  2710 | D:4      | Reached XP level 6. HP: 56/56 MP: 5/5
  2770 | D:4      | Noticed an ice beast
  2778 | D:4      | Reached skill level 6 in Axes
  2786 | D:4      | Killed an ice beast
  2995 | D:5      | Entered Level 5 of the Dungeon
  3119 | D:5      | Reached XP level 7. HP: 61/62 MP: 6/6
  3479 | D:5      | Reached skill level 7 in Axes
  3482 | D:5      | Reached skill level 1 in Stealth
  3926 | D:5      | Found a staircase to the Ecumenical Temple.
  4217 | D:6      | Found a radiant altar of Vehumet.
  4243 | D:6      | Reached skill level 8 in Axes
  4243 | D:6      | Reached XP level 8. HP: 62/70 MP: 5/7
  4348 | D:6      | Noticed Grinder
  4359 | D:6      | Killed Grinder
  4359 | D:6      | Reached *** piety under Trog
  4374 | D:6      | Reached skill level 9 in Axes
  4849 | D:7      | Reached skill level 5 in Dodging
  4850 | D:7      | Noticed Harold
  4852 | D:7      | Reached XP level 9. HP: 79/79 MP: 4/8
  5002 | D:7      | Reached skill level 10 in Axes
  5002 | D:7      | Reached skill level 5 in Armour
  5326 | D:7      | Killed Harold
  5327 | D:7      | Reached skill level 11 in Axes
  5340 | D:7      | Noticed Prince Ribbit
  5344 | D:7      | Killed Prince Ribbit
  5872 | D:8      | Noticed a two-headed ogre
  5882 | D:8      | Killed a two-headed ogre
  5883 | D:8      | Reached skill level 12 in Axes
  5883 | D:8      | Reached XP level 10. HP: 87/89 MP: 5/9
  6118 | D:8      | Found a runed translucent door.
  6197 | D:8      | Noticed a two-headed ogre
  6204 | D:8      | Killed a two-headed ogre
  6281 | D:8      | Found a runed translucent door.
  6625 | D:8      | Reached skill level 13 in Axes
  6648 | D:8      | Noticed a two-headed ogre
  6731 | D:8      | Killed a two-headed ogre
  6732 | D:8      | Reached skill level 5 in Evocations
  6757 | D:8      | Noticed a five-headed hydra
  7406 | D:8      | Reached **** piety under Trog
  7463 | D:8      | Noticed a two-headed ogre
  7471 | D:8      | Killed a two-headed ogre
  7520 | D:8      | Noticed an eight-headed hydra
  7532 | D:8      | Killed a 12-headed hydra
  7533 | D:8      | Reached XP level 11. HP: 99/99 MP: 10/10
  7588 | D:8      | Identified the ring of Zag Lam {rPois Will+ rCorr Str+3}
  7670 | D:8      | Reached skill level 14 in Axes
  8083 | D:8      | Killed an 11-headed hydra
  8084 | D:8      | Reached skill level 10 in Fighting
  8468 | D:9      | Noticed Maggie
  8479 | D:9      | Killed Maggie
  8604 | D:9      | Found a stormy altar of Qazlal.
  8605 | D:9      | Noticed Erica
  8625 | D:9      | Killed Erica
  8833 | D:9      | Noticed Joseph
  8848 | D:9      | Killed Joseph
  8988 | D:9      | Reached ***** piety under Trog
  9011 | D:9      | Noticed a two-headed ogre
  9018 | D:9      | Killed a two-headed ogre
  9019 | D:9      | Reached skill level 15 in Axes
  9162 | D:9      | Found a snail-covered altar of Cheibriados.
  9222 | D:10     | Entered Level 10 of the Dungeon
  9710 | D:10     | Reached XP level 12. HP: 103/110 MP: 11/11
 10025 | D:11     | Found a staircase to the Lair.
 10051 | D:11     | Reached skill level 1 in Shields
 10114 | D:11     | Noticed a centaur warrior
 10117 | D:11     | Killed a centaur warrior
 10310 | D:11     | Found a shadowy altar of Dithmenos.
 10727 | D:11     | Found a staircase to the Orcish Mines.
 11631 | D:12     | Reached skill level 16 in Axes
 11707 | D:12     | Noticed a two-headed ogre
 11714 | D:12     | Killed a two-headed ogre
 11824 | D:12     | Noticed a boulder beetle
 11838 | D:12     | Killed a boulder beetle
 11857 | D:12     | Noticed a two-headed ogre
 11867 | D:12     | Killed a two-headed ogre
 12143 | D:12     | Noticed a boulder beetle
 12153 | D:12     | Killed a boulder beetle
 12582 | D:13     | Noticed a centaur warrior
 12594 | D:13     | Killed a centaur warrior
 12895 | D:13     | Noticed a catoblepas
 12900 | D:13     | HP: 4/113 [manticore (2)]
 12901 | D:13     | Killed from afar by a manticore

Illustrated notes

Levels and vault maps discovered:
D:1:      minmay_arrival_jagged, layout_rooms,
          shapermc_ecumenical_altar_mp_vishouse
D:2:      layout_basic
D:3:      layout_basic, grunt_decor_junction, minivault_5, grunt_decor_fettered,
          nicolae_figureground_sparkle
D:4:      kennysheep_big_flooded_room, layout_cave_pools
D:5:      layout_loops_corners, minmay_temple_entry_poolview,
          nicolae_concentric_dashed_squares_mild, fountainhead,
          kennysheep_nondescript
D:6:      layout_basic, nicolae_vehumet_radiance, uniq_grinder
D:7:      layout_cave_pools, dk_vineyard_3, chequers_serial_rivers_marsh,
          uniq_prince_ribbit1, uniq_harold
D:8:      cheibrodos_histonic, layout_loops_corners, minmay_diamond_spiral
D:9:      layout_big_octagon, nicolae_overflow_hidden_temple,
          grunt_qazlal_clouds, kennysheep_generic_room_13, uniq_joseph,
          uniq_maggie, uniq_erica
D:10:     layout_long_grid, grunt_livestock
D:11:     layout_layer_cave, lair_entry_dummy, erik_orc_1, grunt_dithmenos_smoke
D:12:     minmay_bubble_buster, layout_gridville, serial_shops, shop
D:13:     layout_cave_pools, gammafunk_ghost_arena, okawaru_gym_becter,
          uniq_urug

Skill      XL: |  1  2  3  4  5  6  7  8  9 10 11 12 |
---------------+-------------------------------------+-----
Fighting       | 4 5 6 7 8 9 11 12 | 12.7
Axes           | 4 5 6 8 9 12 13 15 16 | 16.8
Evocations     | 1 2 3 4 5 6 |  6.7
Dodging        | 3 4 5 6 7 8 |  8.7
Armour         | 3 4 6 7 8 9 |  9.9
Stealth        | 1 2 |  2.1
Shields        | 2 |  2.2

Action                   |  1- 3 |  4- 6 |  7- 9 | 10-12 || total
-------------------------+-------+-------+-------+-------++-------
Melee: Hand axe          |    85 |    48 |       |       ||   133
       Headbutt          |     9 |    11 |    30 |   123 ||   173
       Punch             |       |     1 |     1 |    15 ||    17
       War axe           |       |    18 |   127 |   476 ||   621
Invok: Berserk           |       |     2 |     5 |     6 ||    13
Evoke: Wand              |       |       |       |     6 ||     6
  Use: Scroll            |       |       |     6 |    10 ||    16
       Potion            |       |       |       |     1 ||     1
 Stab: Confused          |       |       |       |     1 ||     1
Armor: Animal skin       |    10 |       |       |       ||    10
       Leather armour    |     4 |     1 |       |       ||     5
       Chain mail        |       |    38 |    87 |   126 ||   251
       Skin              |       |       |       |     2 ||     2
Dodge: Dodged            |    51 |    40 |   100 |   266 ||   457
Block: Other             |       |       |       |    62 ||    62
       Reflection        |       |       |       |     3 ||     3
